 Dungeon Sprint DCSS version 0.23.1 (webtiles) character file.

Game seed: 13994155849597035958

111 Fang the Skirmisher (level 4, -2/32 HPs)
             Began as a Gargoyle Berserker on Mar 17, 2019.
             Was an Elder of Trog.
             Slain by a wight
             ... wielding a +2 great sword
              (6 damage)
             ... in the Dungeon (Sprint VII: "The Pits").
             The game lasted 00:00:50 (228 turns).

Fang the Skirmisher (Gargoyle Berserker)             Turns: 228, Time: 00:00:50

Health: -2/32      AC: 14    Str: 21    XL:     4   Next: 92%
Magic:  4/4        EV: 11    Int:  8    God:    Trog [****..]
Gold:   0          SH:  0    Dex:  9    Spells: 3/3 levels left

rFire    . . .     SeeInvis .   n - +1 hand axe (freeze)
rCold    . . .     Gourm    .   (no shield)
rNeg     + . .     Faith    .   o - +3 scale mail
rPois    ∞         Spirit   .   (no helmet)
rElec    +         Reflect  .   (no cloak)
rCorr    .         Harm     .   (no gloves)
MR       ++...     NoTele   +   (no boots)
Stlth    ..........             (no amulet)
HPRegen  1.10/turn              (no ring)
MPRegen  0.09/turn              (no ring)

@: berserk cooldown, regenerating, slowed, very slow
A: negative energy resistance 1, electricity resistance, unbreathing,
petrification resistance, rot immunity, AC +3
a: Berserk, Trog's Hand, Brothers in Arms, Renounce Religion


You were in the Dungeon.
You worshipped Trog.
Trog was greatly pleased with you.
You were not hungry.

You visited 1 branch

Inventory:

Hand Weapons
 j - a +2 hand axe
 n - a +1 hand axe of freezing (weapon)
Armour
 b - a +0 animal skin
 o - a +3 scale mail (worn)
Scrolls
 i - a scroll of blinking
 k - 3 scrolls of remove curse
 l - a scroll of summoning
Potions
 a - 2 potions of invisibility
 d - 6 potions of curing
 e - 6 potions of heal wounds
 f - a potion of haste
 g - 4 potions of magic
 h - 3 potions of berserk rage
Comestibles
 c - 9 rations
 m - 5 chunks of flesh


   Skills:
 + Level 6.0 Fighting
 + Level 5.0 Axes
 + Level 5.4 Armour
 + Level 4.1 Dodging


You had 3 spell levels left.
You didn't know any spells.
Your spell library was empty.

Dungeon Overview and Level Annotations

Branches:
Dungeon (1/1)

Altars:
Gozag
Hepliaklqana
Sif Muna
Trog
Jiyva


Innate Abilities, Weirdness & Mutations

You are resistant to torment.
Your stone body is resilient. (AC +3)
You are immune to poison.
You resist negative energy. (rN+)
You are resistant to electric shocks. (rElec)
You can survive without breathing.
You are immune to petrification.
You are immune to rotting.


Message History

The wight hits you with a +2 great sword!
* * * LOW HITPOINT WARNING * * *
The wight closely misses you.
The orc wizard looks satisfied for a moment.
There is an open door here.
The wight hits you with a +2 great sword.
* * * LOW HITPOINT WARNING * * *
The wight hits you with a +2 great sword!
* * * LOW HITPOINT WARNING * * *
The orc wizard mumbles some strange words.
The orc wizard blinks!
The wight barely misses you.
The orc wizard is no longer moving quickly.
The orc wizard casts a cantrip, but nothing happens.
The wight hits you with a +2 great sword!
* * * LOW HITPOINT WARNING * * *
The orc wizard mumbles some strange words.
The orc wizard seems to speed up.
The wight hits you with a +2 great sword.
You die...

###### ___.# __.#
..###########++
##########'##...........
#.?(.')))'.##......#..#.
##########.##...........
#..ooo..z@..'...........
#'#####'#####......#..#.
#.#..#...'.##...........
#o#..#...#.#####'#####++
#o#÷.#####.##.......#
#.#..'...#.##.......#
#.#.÷'...'.##.......#
#.#..########...<...#
#.#..'[))).##.......#


You could see a wight, 2 orc wizards and an orc.

Vanquished Creatures
  2 wights (D)
  An adder (D)
  An ufetubus (D)
  An ooze (D)
  2 leopard geckos (D)
  A ball python (D)
  A bat skeleton (D)
  A hobgoblin (D)
  A quokka (D)
  3 bats (D)
  A goblin (D)
15 creatures vanquished.

Notes
Turn   | Place    | Note
-------+----------+-------------------------------------------
     0 | D        | Fang the Gargoyle Berserker began the quest for the Orb.
     0 | D        | Reached XP level 1. HP: 14/14 MP: 1/1
    18 | D        | Found a bloodstained altar of Trog.
    18 | D        | Found a deep blue altar of Sif Muna.
    18 | D        | Found a viscous altar of Jiyva.
    18 | D        | Found a hazy altar of Hepliaklqana.
    18 | D        | Found an opulent altar of Gozag.
    55 | D        | Reached ** piety under Trog
    66 | D        | Reached XP level 2. HP: 18/20 MP: 2/2
    72 | D        | Reached skill level 4 in Fighting
   111 | D        | Reached *** piety under Trog
   187 | D        | Noticed a wight
   187 | D        | Noticed a wight
   193 | D        | Killed a wight
   193 | D        | Reached skill level 5 in Fighting
   193 | D        | Reached XP level 3. HP: 23/26 MP: 3/3
   193 | D        | Reached XP level 4. HP: 27/31 MP: 4/4
   196 | D        | Reached **** piety under Trog
   197 | D        | Reached skill level 6 in Fighting
   197 | D        | Reached skill level 5 in Armour
   199 | D        | Reached ***** piety under Trog
   199 | D        | Reached skill level 5 in Axes
   226 | D        | HP: 1/32 [wight/+2 great sword (10)]
   228 | D        | Slain by a wight

Skill      XL: |  1  2  3  4 |
---------------+-------------+-----
Axes           | 3 4 5 |  5.0
Dodging        | 2 3 4 |  4.1
Armour         | 3 4 5 |  5.4
Fighting       | 5 6 |  6.0

Action                   |  1- 3 |  4- 6 || total
-------------------------+-------+-------++-------
Melee: Hand axe          |    27 |     5 ||    32
Invok: Berserk           |     1 |       ||     1
       Trog's Hand       |       |     1 ||     1
Armor: Animal skin       |    17 |       ||    17
       Scale mail        |     3 |     5 ||     8
Dodge: Dodged            |    53 |     6 ||    59
